Map: Rhoskallian LE

Players

Esquire - Winner!

  • Race: Protoss Protoss
  • League: Diamond
  • Spawn Location: 6:00

GJS - Winner!

  • Race: Terran Terran
  • Spawn Location: 5:00

Massa

  • Race: Terran Terran
  • League: Platinum
  • Spawn Location: 11:00

qqq

  • Race: Protoss Protoss
  • League: Platinum
  • Spawn Location: 12:00

VOD

Have the link to the VOD?

Description

Time

  • Played on: Jan. 7, 2021, 4:16 p.m.
  • Length: 17:57
Show
View Real Time Build Order
Export as new Build Order

Esquire Protoss - Winner!

Build Orders: Blink Stalkers 

Get SALT Encoding   

  12  0:00  Probe  
  13  0:13  Probe  
  14  0:18  Pylon  
  14  0:25  Probe  
  15  0:36  Gateway  
  15  0:41  Probe (Chrono Boost)  
  16  0:44  Assimilator  
  17  0:50  Probe (Chrono Boost)  
  17  0:55  Probe (Chrono Boost)  
  17  1:02  Assimilator  
  18  1:08  Probe  
  19  1:24  Cybernetics Core  
  19  1:26  Forge  
  19  1:34  Pylon  
  19  1:38  Probe  
  20  1:51  Probe  
  21  1:55  Warp Gate (Chrono Boost)  
  21  2:02  Photon Cannon  
  21  2:03  Probe  
  21  2:15  Probe  
  22  2:19  Twilight Council  
  22  2:27  Probe  
  23  2:35  Gateway  
  23  2:54  Gateway  
  23  2:55  Pylon  
  23  3:00  Blink (Chrono Boost)  
  23  3:22  Pylon  
  23  3:31  Stalker  
  23  3:33  Gateway  
  23  3:34  Stalker  
  27  3:43  Pylon  
  27  3:51  Stalker  
  29  4:02  Stalker  
  31  4:16  Stalker  
  33  4:17  Stalker  
  33  4:46  Stalker  
  33  4:47  Stalker x3  
  39  4:59  Pylon  
  35  5:13  Stalker x2  
  35  5:43  Charge (Chrono Boost)  
  35  5:44  Nexus  
  35  5:50  Probe  
  36  6:02  Probe  
  35  6:14  Probe  
  36  6:24  Zealot x4  
  44  6:31  Probe  
  45  6:44  Probe, Zealot  
  45  6:45  Zealot  
  45  6:46  Zealot  
  52  6:56  Probe  
  53  7:04  Probe  
  53  7:08  Probe  
  55  7:10  Zealot  
  57  7:20  Probe, Zealot  
  60  7:30  Stalker x2  
  60  7:32  Probe  
  60  7:34  Sentry  
  67  7:43  Stalker  
  65  7:49  Probe  
  65  7:50  Probe  
  65  7:53  Stalker  
  65  7:54  Zealot  
  65  7:58  Zealot  
  71  8:02  Probe  
  72  8:08  Probe  
  72  8:11  Gateway  
  73  8:13  Gateway  
  59  8:20  Probe  
  59  8:26  Sentry  
  59  8:27  Zealot x3  
  46  8:41  Pylon  
  46  8:42  Protoss Ground Weapons Level 1 (Chrono Boost)  
  46  8:50  Nexus  
  46  8:58  Pylon  
  46  8:59  Probe  
  46  9:00  Assimilator  
  47  9:04  Shield Battery  
  47  9:08  Probe, Robotics Facility  
  48  9:13  Probe  
  49  9:21  Zealot  
  49  9:22  Zealot  
  51  9:26  Zealot  
  51  9:30  Sentry  
  51  9:31  Zealot  
  58  9:36  Pylon  
  55  9:50  Zealot x3  
  52  9:57  Zealot x2  
  56  10:06  Gateway  
  56  10:07  Gateway  
  56  10:08  Probe (Chrono Boost)  
  56  10:10  Pylon  
  56  10:14  Pylon  
  57  10:17  Probe (Chrono Boost)  
  58  10:22  Probe (Chrono Boost), Pylon  
  59  10:34  Probe, Stalker  
  59  10:35  Stalker x4  
  62  10:45  Probe, Protoss Ground Weapons Level 2 (Chrono Boost)  
  62  10:46  Probe x2  
  65  10:57  Probe  
  65  10:58  Probe  
  65  10:59  Probe  
  65  11:02  Zealot x3  
  74  11:11  Probe  
  76  11:25  Forge, Stalker x2  
  79  11:31  Nexus  
  61  11:52  Stalker x2  
  61  11:53  Stalker x5  
  75  11:54  Probe  
  75  11:57  Gateway  
  76  12:06  Gateway  
  74  12:20  Stalker x6  
  80  12:43  Stalker x4  
  80  12:44  Stalker x2  
  82  12:53  Stalker x2  
  80  13:19  Stalker x4  
  82  13:21  Probe  
  82  13:25  Stalker  
  83  13:33  Assimilator  
  83  13:36  Probe (Chrono Boost)  
  83  13:37  Gateway, Assimilator  
  83  13:38  Pylon  
  84  13:41  Gateway  
  84  13:45  Pylon  
  84  13:46  Probe (Chrono Boost)  
  86  13:48  Probe (Chrono Boost)  
  86  13:50  Probe (Chrono Boost)  
  86  13:51  Probe x2 (Chrono Boost)  
  86  13:53  Stalker  
  91  13:57  Probe  
  91  14:02  Probe  
  93  14:07  Stalker  
  93  14:08  Stalker  
  93  14:09  Probe  
  98  14:14  Probe  
  99  14:20  Probe  
  99  14:21  Probe  
  99  14:22  Probe  
  102  14:24  Protoss Ground Weapons Level 3 (Chrono Boost)  
  102  14:26  Probe  
  103  14:32  Probe  
  103  14:33  Probe  
  103  14:34  Assimilator  
  105  14:39  Probe  
  105  14:44  Probe  
  97  14:45  Probe  
  86  14:55  Stalker x2  
  86  14:56  Stalker x2  
  86  14:57  Probe, Zealot x5  
  86  14:58  Zealot x2  
  109  15:02  Probe  
  110  15:10  Probe  
  111  15:15  Protoss Ground Armor Level 1 (Chrono Boost)  
  111  15:20  Zealot  
  111  15:21  Zealot x3, Stalker x2  
  119  15:22  Zealot x4, Stalker  
  133  15:31  Probe  
  133  15:34  Probe, Assimilator  
  135  15:43  Probe  
  135  15:45  Robotics Bay  
  135  15:46  Probe  
  135  15:48  Nexus, Robotics Facility  
  135  15:49  Pylon  
  137  15:53  Pylon  
  137  15:55  Probe, Gateway  
  138  15:57  Zealot, Stalker  
  138  15:58  Probe  
  138  15:59  Stalker x3  
  149  16:10  Stalker  
  149  16:11  Stalker x3  
  157  16:12  Stalker  
  85  16:42  Stalker x4  
  85  16:43  Stalker x2  
  85  16:44  Stalker x5  
  107  16:47  Probe  
  107  16:52  Shield Battery  
  106  16:54  Photon Cannon  
  106  16:59  Probe, Stalker  
  106  17:00  Probe  
  110  17:02  Probe  
  110  17:05  Probe  
  112  17:11  Stalker x3  
  112  17:12  Stalker  
  122  17:16  Probe (Chrono Boost)  
  122  17:19  Probe (Chrono Boost)  
  122  17:28  Observer, Probe (Chrono Boost)  
  122  17:29  Probe (Chrono Boost)  
  125  17:33  Stalker  
  125  17:34  Stalker x2  
  125  17:37  Probe  
  138  17:38  Pylon  
  138  17:39  Probe  
  138  17:40  Assimilator  
  138  17:41  Assimilator  
  139  17:44  Stalker  
  139  17:45  Stalker  
  139  17:48  Pylon  
  139  17:49  Stalker  
  139  17:50  Stalker  
Show
View Real Time Build Order
Export as new Build Order

GJS Terran - Winner!

Build Orders:  

Get SALT Encoding   

  12  0:00  SCV  
  13  0:14  SCV  
  14  0:20  Supply Depot  
  14  0:26  SCV  
  15  0:41  SCV  
  15  0:42  Barracks  
  16  0:49  Refinery  
  16  0:54  SCV  
  17  1:06  SCV  
  18  1:18  SCV  
  19  1:33  Marine  
  19  1:34  Bunker  
  19  1:37  Orbital Command  
  20  1:55  Supply Depot  
  20  1:59  Factory  
  20  2:06  SCV  
  21  2:09  Marine  
  22  2:22  SCV  
  23  2:24  Command Center  
  23  2:28  Marine  
  24  2:36  SCV  
  25  2:44  Factory Tech Lab  
  25  2:47  Supply Depot  
  25  2:48  SCV  
  26  2:56  Barracks Reactor  
  26  3:01  SCV  
  26  3:03  Refinery  
  27  3:12  Command Center  
  27  3:26  Cyclone  
  30  3:27  SCV  
  31  3:36  Marine x2  
  33  3:52  Orbital Command  
  33  3:53  SCV  
  34  3:58  Siege Tank  
  34  4:02  Marine x2  
  39  4:05  SCV  
  40  4:13  Starport  
  40  4:19  SCV  
  40  4:20  SCV  
  42  4:25  Marine x2  
  42  4:27  Orbital Command  
  44  4:32  SCV  
  45  4:40  Bunker  
  45  4:43  SCV  
  46  4:47  Marine x2, Siege Tank  
  46  4:51  Barracks, Liberator  
  54  4:53  SCV  
  55  5:01  Orbital Command  
  55  5:03  SCV  
  56  5:07  Engineering Bay  
  56  5:08  Supply Depot  
  56  5:09  SCV  
  57  5:21  SCV x2  
  58  5:28  SCV  
  60  5:33  SCV x2  
  62  5:36  Terran Infantry Weapons Level 1  
  62  5:38  Missile Turret x2  
  62  5:47  SCV x2  
  64  5:50  SCV  
  64  5:55  Missile Turret  
  65  5:59  SCV x2  
  65  6:01  Marine x3  
  65  6:02  Stimpack  
  70  6:04  Factory Tech Lab  
  70  6:05  Medivac  
  70  6:11  SCV x2  
  73  6:13  Refinery  
  73  6:14  Refinery  
  74  6:24  Barracks  
  74  6:25  Barracks  
  74  6:26  SCV x2  
  74  6:27  SCV  
  74  6:32  Marine x3  
  77  6:35  Starport Reactor  
  77  6:38  SCV  
  81  6:41  SCV x2  
  83  6:51  SCV, Supply Depot, Siege Tank  
  83  6:52  Supply Depot  
  84  6:56  Marine x3  
  84  7:00  Refinery x2  
  87  7:07  Engineering Bay  
  87  7:08  Armory  
  87  7:14  Marine x2  
  89  7:15  Barracks Reactor  
  89  7:16  Barracks Reactor  
  89  7:20  Barracks  
  89  7:22  Barracks  
  89  7:26  Marine  
  89  7:28  Medivac, Siege Tank  
  89  7:29  Medivac  
  97  7:30  Terran Infantry Armor Level 1  
  97  7:31  Marine  
  98  7:40  SCV  
  98  7:41  Combat Shield  
  99  7:50  Marine x3  
  102  7:51  SCV  
  102  7:52  SCV  
  102  7:53  SCV  
  102  7:57  Marine x4  
  109  8:01  Terran Infantry Weapons Level 2  
  109  8:04  Supply Depot  
  109  8:13  Marine  
  109  8:16  Medivac  
  109  8:18  Medivac  
  109  8:22  Barracks Reactor  
  109  8:23  Barracks Reactor  
  109  8:25  Marine x5  
  109  8:26  Supply Depot  
  114  8:28  Supply Depot  
  114  8:31  Terran Vehicle Weapons Level 1  
  114  8:38  Marine  
  114  8:39  Marine  
  110  8:50  Marine x5  
  115  8:56  Marine x2  
  115  8:57  SCV x2  
  119  9:04  Marine x3  
  119  9:08  Marine  
  123  9:12  Marine  
  123  9:13  Marine x4  
  123  9:14  Marine x2  
  123  9:16  Command Center  
  126  9:38  Marine  
  126  9:39  Marine x7  
  126  9:40  Marine x2  
  126  9:43  Siege Tank  
  124  10:26  Marine x4  
  117  10:34  Marine x3  
  117  10:35  Marine x4  
  123  10:36  Thor  
  123  10:37  Medivac x2  
  123  10:38  Terran Infantry Armor Level 2, Terran Infantry Weapons Level 3  
  133  10:47  Marine x4  
  137  10:52  Marine, Supply Depot  
  137  10:54  Supply Depot x2  
  137  10:55  Command Center  
  137  10:56  Supply Depot  
  138  10:57  Command Center  
  138  11:01  Factory x2  
  138  11:02  Factory  
  138  11:03  Factory  
  138  11:13  Marine x2  
  138  11:14  Marine x7  
  138  11:18  Marine x2  
  148  11:23  Terran Vehicle Weapons Level 2  
  148  11:27  Armory  
  148  11:31  Marine x2  
  99  11:49  Marine x8  
  99  11:52  Marine x3  
  99  11:53  Factory Tech Lab x3  
  99  11:54  Factory Tech Lab  
  97  12:06  Marine, Medivac x2  
  97  12:07  Marine x3  
  88  12:26  Marine x2  
  88  12:27  Marine x6  
  81  12:42  Marine x3  
  76  12:54  Neosteel Armor, Thor x2  
  88  13:03  Thor  
  93  13:13  Thor  
  93  13:15  Hi-Sec Auto Tracking  
  99  13:40  Thor x2  
  111  13:44  SCV x3  
  111  13:46  Planetary Fortress  
  114  13:54  Terran Vehicle Weapons Level 3  
  114  13:56  Orbital Command  
  114  14:04  Marine x6  
  114  14:05  Marine  
  121  14:26  Marine x4  
  121  14:27  Marine x7  
  121  14:30  Thor x3  
  150  14:44  Marine  
  148  14:48  Marine x6  
  148  14:49  Marine x3  
  148  14:51  Thor x2  
  170  15:02  Marine  
  170  15:05  SCV x3  
  173  15:15  Refinery x2  
  173  15:16  Marine  
  173  15:17  Marine x6  
  173  15:18  Marine x2  
  173  15:20  Thor  
  182  15:29  Marine x2  
  182  15:34  Marine, Command Center  
  182  15:35  SCV x3  
  188  15:37  Marine x4  
  188  15:38  Marine x2  
  194  15:50  Marine x3  
  194  15:52  Marine  
  194  15:53  Marine  
  194  15:55  Marine  
  199  16:13  Marine  
  173  16:37  Marine  
  173  16:38  Marine x10  
  173  16:39  Thor x2  
  167  16:48  Thor  
  168  16:55  Marine  
  168  16:56  Marine x2  
  168  17:00  Marine x4  
  168  17:01  Marine x4  
  175  17:13  Marine  
  165  17:21  Marine  
  165  17:22  Marine x8  
Show
View Real Time Build Order
Export as new Build Order

Massa Terran 

Build Orders:  

Get SALT Encoding   

  12  0:00  SCV  
  13  0:12  SCV  
  14  0:18  Supply Depot  
  14  0:24  SCV  
  15  0:40  SCV  
  15  0:41  Barracks  
  16  0:52  SCV  
  17  1:03  Refinery  
  17  1:04  SCV  
  18  1:17  SCV  
  20  1:34  Orbital Command  
  20  1:37  Supply Depot  
  20  1:39  Marine  
  20  1:57  Command Center  
  20  2:15  SCV, Factory  
  21  2:23  Barracks Tech Lab  
  21  2:27  SCV  
  22  2:32  Refinery  
  22  2:39  SCV  
  22  2:42  Marine  
  24  2:51  SCV  
  25  3:00  Marine  
  25  3:01  Command Center  
  26  3:07  Starport  
  26  3:11  SCV  
  27  3:18  Orbital Command, Marine  
  28  3:21  Widow Mine  
  30  3:27  SCV  
  31  3:34  Supply Depot  
  31  3:36  Marine  
  31  3:39  SCV  
  33  3:42  Widow Mine  
  33  3:45  SCV  
  36  3:53  Marine  
  36  3:54  Barracks  
  37  4:05  Factory Tech Lab  
  37  4:12  Marine  
  38  4:26  Siege Tank  
  38  4:31  Marauder  
  43  4:33  SCV x3  
  45  4:43  Marine  
  43  4:51  SCV x3  
  43  4:52  Marine  
  47  4:55  Viking  
  49  5:00  Supply Depot  
  49  5:03  SCV x2, Supply Depot  
  48  5:13  Marine x2  
  50  5:16  Siege Tank  
  53  5:25  SCV, Viking  
  53  5:26  SCV x2  
  58  5:29  Refinery  
  58  5:30  Marine  
  59  5:39  Barracks Tech Lab  
  59  5:45  Barracks x2  
  59  5:52  Barracks  
  59  5:53  Barracks  
  59  5:54  Engineering Bay  
  59  5:56  Starport Reactor  
  59  6:05  Supply Depot  
  59  6:12  Stimpack  
  59  6:14  Barracks Tech Lab  
  59  6:22  SCV x3  
  62  6:27  Refinery  
  62  6:28  Supply Depot  
  62  6:34  SCV  
  62  6:38  Missile Turret  
  63  6:40  Missile Turret  
  63  6:49  Missile Turret  
  63  6:51  Terran Infantry Weapons Level 1, Supply Depot  
  63  6:57  Engineering Bay  
  63  7:00  Armory  
  63  7:03  Siege Tank  
  63  7:04  Marauder x2, Marine  
  63  7:05  Marine x2  
  63  7:06  Marine  
  74  7:13  Supply Depot  
  74  7:22  Marine  
  74  7:23  Marine x2  
  74  7:24  Marine  
  74  7:26  Marauder x2, Medivac  
  74  7:28  Medivac  
  86  7:35  Supply Depot  
  86  7:40  Marine  
  86  7:41  Marine, Siege Tank  
  86  7:43  Marine x2  
  93  7:47  SCV x2, Marauder, Marine  
  98  7:58  Marine x2, Supply Depot  
  98  8:01  Marine  
  82  8:43  Siege Tank  
  85  8:58  Marauder x2, Marine  
  85  8:59  Marine x3  
  93  9:03  SCV x2  
  95  9:15  SCV x2, Siege Tank  
  95  9:16  Marine x4  
  101  9:19  Marine  
  101  9:20  Marauder  
  105  9:27  SCV  
  105  9:28  SCV  
  107  9:34  Marine x4  
  107  9:37  Marauder  
  113  9:39  SCV, Combat Shield  
  113  9:40  Concussive Shells  
  113  9:41  Marauder  
  109  9:47  Siege Tank  
  97  9:59  Marauder  
  85  10:01  Marine  
  85  10:02  Marauder, Marine x3  
  91  10:19  Marine x2, Siege Tank  
  91  10:20  Marauder  
  97  10:24  Marauder  
  85  10:33  Marine x2  
  73  10:35  Planetary Fortress  
  73  10:37  Marine  
  73  10:39  SCV x2  
  73  10:41  Marine  
  73  10:42  Marauder  
  79  10:45  Marauder, Medivac x2  
  85  10:50  Marine  
  85  10:51  SCV x2, Marine, Siege Tank  
  85  10:52  Command Center  
  85  10:55  Marine  
  93  10:57  Missile Turret  
  93  10:59  Marine  
  93  11:03  Marauder  
  96  11:06  Marauder, Sensor Tower  
  96  11:08  Marine x2  
  100  11:13  Marine  
  100  11:15  Medivac x2  
  100  11:17  Marine  
  105  11:23  Siege Tank  
  105  11:24  Marauder  
  110  11:26  Marine x2  
  110  11:28  Marauder  
  97  11:45  Liberator x2  
  97  11:46  Marauder  
  103  11:49  Marauder  
  103  11:54  Marine  
  103  11:55  Marine x3, Siege Tank  
  110  12:07  Marauder  
  112  12:11  Marauder  
  112  12:12  Marine  
  112  12:13  Marine x3  
  107  12:27  Siege Tank  
  107  12:29  Marauder  
  105  12:30  Marine x4  
  105  12:32  Marauder  
  109  12:39  Medivac x2  
  113  12:48  Marine x4  
  113  12:50  Marauder  
  109  12:53  Marauder  
  103  13:00  Siege Tank  
  106  13:05  Marine  
  106  13:06  Marine x3  
  106  13:09  Medivac x2  
  106  13:11  Marauder  
  116  13:15  Marauder  
  118  13:23  Marine  
  118  13:24  Marine  
  120  13:32  Siege Tank  
  120  13:33  Marauder  
  122  13:36  Marauder  
  121  13:42  Marine x2  
  121  13:43  Marine x2  
  121  13:44  SCV  
  121  13:45  SCV x2  
  121  13:47  Terran Infantry Armor Level 1  
  128  13:54  Marauder, Planetary Fortress  
  130  13:57  SCV x2  
  130  13:59  Refinery  
  130  14:00  Refinery  
  132  14:07  Supply Depot  
  132  14:08  Supply Depot  
  132  14:09  Supply Depot  
  132  14:21  Sensor Tower  
  132  14:28  Missile Turret  
  132  14:29  SCV, Marauder, Marine x3, Siege Tank  
  132  14:30  Marauder  
  132  14:31  Supply Depot  
  143  14:32  Terran Infantry Weapons Level 2, Supply Depot  
  143  14:33  Supply Depot  
  143  14:40  Missile Turret  
  136  14:51  Marauder  
  138  14:53  Marauder, Marine  
  138  14:54  Marine  
  138  14:55  Supply Depot x2  
  140  15:01  Siege Tank  
  143  15:13  Marauder  
  147  15:14  Marauder  
  147  15:16  Medivac x2  
  147  15:18  Supply Depot  
  151  15:33  Siege Tank  
  151  15:34  SCV x3  
  157  15:37  Refinery  
  157  15:42  Supply Depot  
  157  15:46  Medivac x2  
  161  15:54  Command Center  
  161  16:04  Sensor Tower  
  161  16:05  Siege Tank  
  161  16:09  Marauder  
  161  16:10  Marauder  
  168  16:11  Barracks Tech Lab  
  168  16:16  Medivac  
  166  16:31  Marauder x2  
  139  16:34  Marauder, Marine  
  139  16:35  Marine x2  
  139  16:39  Siege Tank  
  87  16:52  Marauder x2, Marine  
  87  16:53  Marine x2  
  89  16:56  Marauder  
  89  16:59  Medivac x2  
  86  17:10  Marine x3  
  86  17:11  Siege Tank  
  86  17:14  Marauder x2  
  85  17:17  Marauder  
  80  17:28  Marine x2  
  87  17:32  Barracks Tech Lab  
  87  17:35  Marauder x2  
  86  17:44  Refinery  
Show
View Real Time Build Order
Export as new Build Order

qqq Protoss 

Build Orders: Carriers 

Get SALT Encoding   

  12  0:01  Probe  
  13  0:20  Pylon  
  13  0:28  Probe  
  14  0:40  Probe  
  15  0:53  Probe  
  16  1:05  Probe  
  16  1:09  Pylon  
  16  1:10  Pylon  
  17  1:13  Gateway  
  16  1:26  Forge  
  16  1:41  Probe  
  17  1:54  Probe  
  18  2:00  Nexus  
  18  2:06  Probe  
  19  2:15  Assimilator  
  19  2:18  Probe  
  19  2:19  Assimilator  
  20  2:30  Probe (Chrono Boost)  
  20  2:36  Cybernetics Core  
  21  2:38  Pylon  
  21  2:42  Probe (Chrono Boost)  
  22  2:49  Probe (Chrono Boost)  
  23  2:56  Probe  
  24  2:59  Pylon  
  24  3:08  Probe  
  25  3:15  Probe  
  26  3:20  Probe  
  27  3:27  Probe  
  27  3:28  Stargate  
  27  3:32  Probe  
  29  3:38  Stargate  
  29  3:39  Probe  
  30  3:45  Probe (Chrono Boost)  
  31  3:50  Pylon  
  32  3:55  Probe (Chrono Boost)  
  32  3:57  Probe (Chrono Boost)  
  33  4:05  Probe (Chrono Boost)  
  33  4:07  Probe (Chrono Boost)  
  37  4:13  Photon Cannon  
  37  4:14  Stalker (Chrono Boost)  
  37  4:16  Probe, Pylon  
  38  4:18  Probe  
  38  4:22  Phoenix  
  41  4:33  Pylon  
  41  4:35  Shield Battery, Stalker (Chrono Boost)  
  43  4:48  Phoenix  
  43  4:49  Probe x2  
  47  4:52  Assimilator  
  47  4:58  Assimilator  
  47  5:01  Probe  
  47  5:02  Probe  
  49  5:13  Probe  
  49  5:14  Probe  
  51  5:16  Phoenix  
  51  5:17  Phoenix  
  55  5:26  Probe  
  56  5:35  Pylon  
  56  5:38  Probe  
  56  5:41  Photon Cannon  
  57  5:44  Pylon  
  57  5:49  Pylon  
  57  5:50  Probe, Fleet Beacon  
  57  5:53  Pylon  
  58  6:00  Photon Cannon  
  58  6:06  Photon Cannon  
  58  6:12  Photon Cannon  
  58  6:24  Phoenix, Robotics Facility  
  58  6:25  Phoenix  
  62  6:27  Photon Cannon  
  59  6:52  Probe  
  56  6:56  Carrier (Chrono Boost)  
  56  6:57  Carrier (Chrono Boost)  
  68  7:05  Probe  
  69  7:17  Probe  
  70  7:24  Protoss Air Weapons Level 1  
  70  7:29  Probe  
  71  7:41  Probe  
  68  7:53  Observer  
  68  7:57  Carrier (Chrono Boost)  
  68  7:58  Carrier (Chrono Boost)  
  53  8:52  Tempest (Chrono Boost), Carrier (Chrono Boost)  
  64  9:00  Probe  
  64  9:12  Probe  
  65  9:24  Probe  
  66  9:36  Tempest, Probe  
  72  9:48  Probe  
  72  9:49  Tempest  
  67  10:16  Probe  
  67  10:20  Carrier  
  72  10:28  Probe  
  73  10:32  Carrier  
  79  10:40  Probe x2  
  81  10:50  Assimilator  
  81  10:52  Probe x2  
  83  11:04  Probe x2  
  85  11:16  Probe x2  
  87  11:22  Protoss Air Armor Level 1  
  87  11:27  Tempest  
  86  12:05  Carrier  
  92  12:09  Nexus  
  90  13:06  Carrier  
  90  13:09  Carrier  
  84  13:19  Photon Cannon  
  78  13:23  Probe  
  79  13:30  Protoss Air Weapons Level 2 (Chrono Boost)  
  79  13:35  Probe  
  80  13:47  Probe  
  81  13:58  Nexus  
  81  14:01  Probe (Chrono Boost)  
  82  14:05  Mothership (Chrono Boost)  
  90  14:10  Carrier  
  90  14:13  Probe (Chrono Boost)  
  97  14:19  Probe (Chrono Boost)  
  97  14:20  Observer  
  99  14:25  Probe  
  99  14:34  Zealot  
  102  14:41  Observer  
  102  15:00  Nexus  
  102  15:10  Zealot  
  104  15:16  Pylon  
  104  15:19  Pylon  
  104  15:22  Pylon  
  104  15:29  Tempest  
  104  15:34  Probe  
  110  15:37  Zealot  
  112  15:46  Observer  
  115  16:04  Zealot  
  115  16:07  Observer  
  115  16:10  Probe  
  117  16:22  Probe  
  113  16:29  Observer  
  108  16:34  Probe  
  107  16:46  Probe  
  108  16:48  Carrier x2  
  110  16:56  Probe  
  110  16:58  Probe  
  112  17:08  Probe  
  112  17:10  Probe, Zealot  
  116  17:20  Probe  
  116  17:22  Probe  
  98  17:33  Probe  
  98  17:34  Probe  
  90  17:45  Probe  
Tags
 
Add a new tag
Caveats
  • Supply blocks, unpowered buildings, or Contaminate may cause inaccurate times.
  • Supply counts are checked every 10 seconds.